 Dungeon Crawl Stone Soup version 0.30-a0-723-gc1506a1cf0 (webtiles) character file.

Game seed: 14458291610226647476

1610820 Anon1729 the Imperceptible (level 27, 187/187 HPs)
             Began as an Octopode Monk on Jan 28, 2023.
             Was the Champion of Kikubaaqudgha.
             Escaped with the Orb
             ... and 3 runes on Jan 29, 2023!
             The game lasted 05:22:09 (74398 turns).

Anon1729 the Imperceptible (Octopode Monk)         Turns: 74398, Time: 05:22:10

Health: 187/187    AC:  7    Str: 21    XL:     27
Magic:  51/51      EV: 39    Int: 29    God:    Kikubaaqudgha [******]
Gold:   3931       SH:  9    Dex: 22    Spells: 2/57 levels left

rFire   + + .      SeeInvis +      - Unarmed
rCold   + + .      Faith    .    H - +2 buckler of Pijoz {Str+6 Dex+3 SInv}
rNeg    + . .      Spirit   .    T - -2 hat of the Alchemist {rElec rPois rF+ rC+ rN+ Will+ rMut rCorr}
rPois   +          Reflect  .    r - amulet of magic regeneration
rElec   +          Harm     .    k - +4 ring of protection
rCorr   +          Rampage  .    l - ring of magical power
rMut    +                        q - +5 ring of evasion
Will    +++++                    i - ring "Uwosmiz" {rPois rF+ AC+4 Str+5 Dex-4}
Stlth   ++++                     N - +5 ring of evasion
HPRegen 0.51/turn                B - +5 ring of evasion
MPRegen 0.72/turn                P - ring of Awe {Wiz Will++ Int+2 Dex+3}
                                 v - ring of Icijeo {Fly rC+ Int+4 Slay+3}

@: flying, studying 2 skills
A: almost no armour, amphibious, 8 rings, camouflage 1, gelatinous body 1,
(nimble swimmer 1), tentacles, agile 1, mutation resistance 1
0: Orb of Zot
}: 3/15 runes: decaying, slimy, gossamer
a: Renounce Religion, Unearth Wretches, Torment


You escaped.
You worshipped Kikubaaqudgha.
Kikubaaqudgha was exalted by your worship.
You visited 11 branches of the dungeon, and saw 52 of its levels.
You also visited: Trove, Bailey, Gauntlet and Ice Cave.

You collected 8339 gold pieces.
You spent 4408 gold pieces at shops.

Inventory:

Hand Weapons
 e - the +3 dagger "Widowmaker" {drain, rElec rC+}
   (You found it on level 3 of the Realm of Zot)

   rC:        It protects you from cold.
   rElec:     It insulates you from electricity.
Missiles
 u - 18 curare-tipped darts
 E - 41 boomerangs
Armour
 H - the +2 buckler of Pijoz (worn) {Str+6 Dex+3 SInv}
   (You acquired it on level 2 of the Depths)

   Str:       It affects your strength (+6).
   Dex:       It affects your dexterity (+3).
   SInv:      It lets you see invisible.
 T - the -2 hat of the Alchemist (worn) {rElec rPois rF+ rC+ rN+ Will+ rMut rCorr}
   (You found it in a Gauntlet)

   rF:        It protects you from fire.
   rC:        It protects you from cold.
   rElec:     It insulates you from electricity.
   rPois:     It protects you from poison.
   rN:        It protects you from negative energy.
   rCorr:     It protects you from acid and corrosion.
   rMut:      It protects you from mutation.
   Will:      It increases your willpower.
Jewellery
 i - the ring "Uwosmiz" (on tentacle) {rPois rF+ AC+4 Str+5 Dex-4}
   (You took it off a spriggan rider on level 2 of the Depths)

   [ring of protection]

   AC:        It affects your AC (+4).
   Str:       It affects your strength (+5).
   Dex:       It affects your dexterity (-4).
   rF:        It protects you from fire.
   rPois:     It protects you from poison.
 k - a +4 ring of protection (left tentacle)
 l - a ring of magical power (right tentacle)
 q - a +5 ring of evasion (on tentacle)
 r - an amulet of magic regeneration (around mantle)
 v - the ring of Icijeo (on tentacle) {Fly rC+ Int+4 Slay+3}
   (You took it off a deep elf blademaster on level 3 of the Elven Halls)

   [ring of flight]

   Int:       It affects your intelligence (+4).
   Slay:      It affects your accuracy & damage with ranged weapons and melee
   (+3).
   rC:        It protects you from cold.
   Fly:       It grants you flight.
 B - a +5 ring of evasion (on tentacle)
 N - a +5 ring of evasion (on tentacle)
 P - the ring of Awe (on tentacle) {Wiz Will++ Int+2 Dex+3}
   (You acquired it on level 15 of the Dungeon)

   [ring of wizardry]

   It improves your spell success rate.
   Int:       It affects your intelligence (+2).
   Dex:       It affects your dexterity (+3).
   Will:      It greatly increases your willpower.
Wands
 d - a wand of quicksilver (35)
 f - a wand of mindburst (24)
 h - a wand of roots (46)
 n - a wand of paralysis (45)
 X - a wand of digging (15)
 Y - a wand of flame (42)
Scrolls
 w - 7 scrolls of vulnerability
 y - 6 scrolls of amnesia
 z - 6 scrolls of immolation
 A - 2 scrolls of magic mapping
 L - 9 scrolls of poison
 M - 20 scrolls of teleportation
 Q - 10 scrolls of fear
 R - 10 scrolls of fog
 S - a scroll of butterflies
 U - 3 scrolls of silence
 W - 4 scrolls of torment
Potions
 a - 16 potions of ambrosia
 b - 11 potions of attraction
 c - 2 potions of resistance
 g - 4 potions of berserk rage
 j - 5 potions of heal wounds
 m - 19 potions of curing
 o - 7 potions of magic
 s - 3 potions of haste
 x - 8 potions of brilliance
 D - 2 potions of invisibility
 F - 14 potions of flight
 G - 5 potions of lignification
 I - 2 potions of cancellation
 K - 12 potions of mutation
 Z - 6 potions of might
Miscellaneous
 p - a lightning rod (4/4)
 t - a box of beasts
 C - a phantom mirror
 J - a condenser vane
 O - a phial of floods
 V - a tin of tremorstones (2/2)


   Skills:
 - Level 15.2 Fighting
 - Level 5.0 Throwing
 - Level 13.7 Dodging
 - Level 25.1 Stealth
 - Level 8.6 Shields
 - Level 15.2 Unarmed Combat
 - Level 15.8 Spellcasting
 * Level 11.2 Conjurations
 - Level 2.0 Hexes
 + Level 22.3 Necromancy
 - Level 15.5 Transmutations
 - Level 17.3 Earth Magic
 - Level 14.8 Evocations


You had 2 spell levels left.
You knew the following spells:

 Your Spells              Type           Power      Damage    Failure   Level
a - Death's Door          Necr           50%        N/A       11%         9
b - Vampiric Draining     Necr           100%       2d13      0%          3
c - Dispel Undead         Necr           100%       3d31      0%          4
d - Animate Dead          Necr           100%       N/A       0%          4
e - Borgnjor's Vile Clut  Necr/Erth      47%        N/A       0%          5
f - Death Channel         Necr           50%        N/A       1%          6
g - Statue Form           Tmut/Erth      58%        N/A       1%          6
h - Yara's Violent Unrav  Hex/Tmut       32%        3d13      1%          5
i - Necromutation         Tmut/Necr      46%        N/A       2%          8
j - Irradiate             Conj/Tmut      39%        3d24      1%          5

Your spell library contained the following spells:

 Spells                   Type           Power      Damage    Failure   Level
 Beastly Appendage        Tmut           100%       N/A       0%          1
 Kiss of Death            Conj/Necr      100%       2d13      0%          1
 Necrotise                Necr           100%       1d9       0%          1
 Sublimation of Blood     Necr           100%       N/A       0%          2
 Apportation              Tloc           44%        N/A       1%          1
 Foxfire                  Conj/Fire      100%       2x1d9     1%          1
 Freeze                   Ice            88%        1d9       1%          1
 Shock                    Conj/Air       100%       1d9       1%          1
 Slow                     Hex            100%       N/A       1%          1
 Sting                    Tmut/Pois      100%       1d8       1%          1
 Summon Small Mammal      Summ           88%        N/A       1%          1
 Blink                    Tloc           44%        N/A       1%          2
 Cigotuvi's Dreadful Rot  Necr/Pois/Air  100%       N/A       1%          2
 Poisonous Vapours        Pois/Air       44%        N/A       1%          2
 Stone Arrow              Conj/Erth      100%       3d13      0%          3
 Agony                    Necr           100%       N/A       0%          5
 Confusing Touch          Hex            34%        N/A       1%          3
 Hailstorm                Conj/Ice       53%        3d12      1%          3
 Ignite Poison            Fire/Tmut/Pois 52%        N/A       1%          3
 Inner Flame              Hex/Fire       28%        N/A       1%          3
 Mephitic Cloud           Conj/Pois/Air  44%        N/A       1%          3
 Spider Form              Tmut/Pois      62%        N/A       1%          3
 Anguish                  Hex/Necr       38%        N/A       1%          4
 Flame Wave               Conj/Fire      53%        2d13      1%          4
 Ice Form                 Ice/Tmut       62%        N/A       1%          4
 Leda's Liquefaction      Hex/Erth       34%        N/A       1%          4
 Petrify                  Tmut/Erth      87%        N/A       1%          4
 Alistair's Intoxication  Tmut/Pois      41%        N/A       1%          5
 Blade Hands              Tmut           42%        N/A       1%          5
 Iskenderun's Battlesphe  Conj           73%        2d12      1%          5
 Lee's Rapid Deconstruct  Erth           44%        3d21*     1%          5
 Iron Shot                Conj/Erth      41%        9d8       1%          6
 Simulacrum               Ice/Necr       36%        N/A       1%          6
 Dragon Form              Tmut           42%        N/A       1%          7
 Borgnjor's Revivificati  Necr           50%        N/A       1%          8
 Infestation              Necr           50%        N/A       1%          8
 Frozen Ramparts          Ice            44%        1d7       3%          3
 Kindle Blastsparks       Fire/Tloc/Air  44%        2d13      3%          3
 Ozocubu's Armour         Ice            22%        N/A       3%          3
 Swiftness                Air            22%        N/A       3%          3
 Cause Fear               Hex            17%        N/A       4%          4
 Freezing Cloud           Conj/Ice/Air   22%        6-21      6%          5
 Eringya's Noxious Bog    Tmut/Pois      31%        N/A       6%          6
 Haunt                    Necr/Summ      36%        N/A       9%          7
 Airstrike                Air            11%        2d(2-18)  11%         4
 Manifold Assault         Tloc           22%        N/A       11%         4
 Summon Ice Beast         Ice/Summ       22%        N/A       11%         4
 Summon Lightning Spire   Summ/Air       22%        N/A       11%         4
 Conjure Ball Lightning   Conj/Air       26%        3x3d7     16%         6
 Starburst                Conj/Fire      26%        6d8       16%         6
 Metabolic Englaciation   Hex/Ice        14%        N/A       19%         5
 Lehudib's Crystal Spear  Conj/Erth      41%        10d10     19%         8
 Storm Form               Tmut/Air       31%        N/A       32%         7
 Spellforged Servitor     Conj/Summ      26%        N/A       61%         7
 Enfeeble                 Hex            17%        N/A       97%         7
 Malign Gateway           Summ/Tloc      11%        N/A       100%        7
 Discord                  Hex            17%        N/A       100%        8
 Disjunction              Tloc           11%        N/A       100%        8
 Maxwell's Capacitive Co  Air            11%        ∞         100%        8
 Summon Horrible Things   Summ           11%        N/A       100%        8
 Dragon's Call            Summ           11%        N/A       100%        9
 Polar Vortex             Ice            11%        N/A       100%        9
 Animate Armour           Summ/Erth      Unusable   N/A       N/A         4

Dungeon Overview and Level Annotations

Branches:
Dungeon (15/15)            Temple (1/1) D:5            Lair (5/5) D:11
  Swamp (4/4) Lair:2       Spider (4/4) Lair:3        Slime (5/5) Lair:5
    Orc (2/2) D:11            Elf (3/3) Orc:2        Vaults (4/5) D:14
  Crypt (0/3) Vaults:3     Depths (4/4) D:15            Zot (5/5) Depths:4
 Bailey (visited)           IceCv (visited)         Gauntlet (visited)

Altars:
Ashenzari
Cheibriados
Dithmenos
Elyvilon
Fedhas
Gozag
Hepliaklqana
Kikubaaqudgha
Makhleb
Nemelex Xobeh
Okawaru
Qazlal
Ru
Sif Muna
Trog
Uskayaw
Vehumet
Wu Jian
Xom
Yredelemnul
Zin
The Shining One
Jiyva

Shops:
D:7 =   D:10 *   D:15 *   Orc:1 *   Orc:2 *=*[   Elf:2 =   Elf:3 :=*
Vaults:2 *   Depths:1 *:   Depths:2 ?

Portals:
Hell: Depths:1 Depths:2 Depths:3 Depths:4
Abyss: Depths:2 Depths:3
Pandemonium: Orc:2 Depths:1 Depths:2
Ziggurat: Depths:4

Annotations:
Spider:3 3 runed translucent doors, Ofeolo's ghost, adept VSHs
Zot:3 2 transporters, exclusion: 2 orange crystal statues, Zuol's ghost, legendary DsDe


Innate Abilities, Weirdness & Mutations

You cannot wear most types of armour.
You are amphibious.
You can wear up to eight rings at the same time.
Your skin changes colour to match your surroundings (Stealth+).
Your rubbery body absorbs attacks. (AC +1, EV +1)
((You are camouflaged when in or above water. (Stealth+)))
You have tentacles for arms and can constrict up to eight enemies at once.
You are agile. (Dex +4, Str/Int -1)
You are somewhat resistant to further mutation.


Message History

The cacodemon is almost dead.
You block the cacodemon's attack.
The cacodemon hits you but does no damage.
The orange demon completely misses you.
You batter the cacodemon!!
You kill the cacodemon!
Kikubaaqudgha accepts your kill. The efreet gestures at you.
The bolt of fire misses you. The orange demon completely misses you.
You bludgeon the efreet! You squeeze the efreet.
The efreet is moderately wounded.
The efreet completely misses you. The orange demon misses you.
You thrash the efreet!!!
You kill the efreet!
Kikubaaqudgha accepts your kill. You block the orange demon's attack.
The orange demon completely misses you. You block the orange demon's attack.
You see here a +0 scimitar of flaming.
You bludgeon the orange demon! You grab the orange demon.
You tentacle-slap the orange demon. You squeeze the orange demon!!
The orange demon is heavily wounded.
You constrict the orange demon! The orange demon closely misses you. x3
The orange demon completely misses you.
You tentacle-slap the orange demon but do no damage.
You squeeze the orange demon.
The orange demon is almost dead.
You constrict the orange demon. The orange demon completely misses you.
The orange demon hits you but does no damage.
You thrash the orange demon!!!
You kill the orange demon!
Kikubaaqudgha accepts your kill.
There is a stone staircase leading up here.
You fly upwards.
There is a stone staircase leading down here.
There is a staircase leading out of the dungeon here.
Unknown command.
You revert to your normal fleshy form.
You start resting.
HP restored.
You have escaped!

#.#.#.#####.#.###### #)....
#.........#.#.# #.....
###.#######.###########.....
#.......................>.
#.#######.#######>........
### #.#..# #.#####.##
#.#.#####.# #.# #.#.......#
#.# #@#############.#
##########.......# #.#
#......####### ##.###.######
#...##.# #......# #...####
#####


There were no monsters in sight!

Vanquished Creatures
  the Royal Jelly (Slime:5)
  Dissolution (Slime:1)
  3 dread liches
  6 orbs of fire
  3 ancient liches (Zot:5)
  4 Killer Klowns
  3 caustic shrikes
  4 curse toes
  8 golden dragons
  Nikola (Swamp:4)
  2 Tzitzimimeh
  3 doom hounds
  Zenata (Vaults:2)
  3 electric golems
  4 liches
  8 tentacled monstrosities
  18 Orb Guardians
  Grunn (Zot:4)
  2 titans (Depths:2)
  A walking frostbound tome (Depths:3)
  6 quicksilver dragons
  A deep elf blademaster (Elf:3)
  The ghost of pleonasm the Warrior, an adept OgBe of Trog (Swamp:4)
  A deep elf master archer (Elf:3)
  16 acid blobs
  2 shadow dragons
  3 sphinxes
  7 death cobs
  11 storm dragons
  A thorn hunter (Swamp:2)
  4 tengu reavers
  Donald (Swamp:4)
  4 draconian monks
  Kirke (D:12)
  10 azure jellies
  2 draconian knights
  10 fire giants
  7 rockslimes (Slime:5)
  2 draconian scorchers
  7 emperor scorpions
  8 deep elf elementalists
  5 deep elf sorcerers
  2 iron dragons
  Louise (Spider:1)
  7 vault wardens
  7 ghost moths
  3 spectral caustic shrikes (Depths:3)
  A balrug (Depths:2)
  3 frost giants (Depths:2)
  4 draconian shifters
  2 orc warlords
  A draconian stormcaller (Zot:1)
  7 stone giants
  2 reapers (Depths:2)
  2 spriggan defenders (Depths:3)
  3 draconian annihilators
  5 broodmothers
  12 ironbound preservers
  17 very ugly things
  A juggernaut skeleton (Depths:1)
  7 quicksilver oozes
  A cacodemon (D:2)
  3 war gargoyles
  6 ironbound thunderhulks
  2 vampire knights (Depths:2)
  4 green draconians
  6 eleionomae
  9 deep elf annihilators
  4 black draconians
  5 deep elf demonologists
  6 yellow draconians
  4 demonspawn black suns
  Azrael (Spider:1)
  A minotaur (Gauntlet)
  2 pale draconians (Depths:4)
  4 purple draconians
  7 dire elephants
  3 bunyips
  A lorocyproca (Depths:1)
  2 spark wasps
  7 white draconians
  3 red draconians
  6 ettins
  3 deep elf death magi
  The ghost of caveywoolpert the Thaumaturge, a journeyman DsEE of Vehumet (Lair:2)
  13 fire dragons
  10 entropy weavers
  9 yaktaur captains
  9 great orbs of eyes
  6 rakshasas
  Fannar (D:11)
  2 deep elf high priests (Elf:3)
  12 hydras
  3 peacekeepers
  A hell beast (Depths:1)
  A vault guard (Vaults:4)
  3 ghost crabs
  2 spriggan air magi (Depths:2)
  10 ice dragons
  5 ogre magi (Depths:2)
  3 radroaches
  A jorogumo (Spider:3)
  6 centaur warriors
  A demonspawn (Orc:2)
  14 ironbound frosthearts
  25 dancing weapons
  3 hell hogs (Depths:2)
  6 boulder beetles
  10 tengu warriors
  A vampire mage (Depths:2)
  4 two-headed ogres
  12 alligators
  9 deep troll shamans
  12 deep troll earth magi
  7 orc high priests
  19 deep elf knights
  4 death yaks (Lair:5)
  7 soul eaters
  5 spriggans
  A hell knight (Depths:2)
  7 sun demons
  3 spriggan berserkers
  A titan skeleton (Depths:1)
  Nergalle (D:12)
  A sixfirhy (D:4)
  5 iron trolls
  A fire crab (Lair:5)
  A storm dragon skeleton (Depths:2)
  5 glowing orange brains
  3 goliath frogs
  14 skeletal warriors
  A pharaoh ant (Spider:1)
  A spriggan druid (Swamp:4)
  11 orb spiders
  4 bog bodies
  A deep troll (shapeshifter) (Depths:2)
  4 sun moths
  2 shadow demons
  63 deep trolls
  3 swamp dragons
  6 wizards
  A golden dragon skeleton (Vaults:3)
  2 flayed ghosts
  10 deep elf archers
  7 ironbound convokers
  16 lindwurms
  3 obsidian statues
  33 deep elf pyromancers
  4 steelbarb worms
  11 orc knights
  23 deep elf zephyrmancers
  8 necromancers
  8 orc sorcerers
  2 phantasmal warriors (Depths:2)
  31 wolf spiders
  8 harpies
  4 manticores
  27 ugly things
  3 shining eyes
  A sphinx skeleton (Depths:1)
  A shadow dragon skeleton (Depths:1)
  An elephant (shapeshifter) (D:15)
  A salamander (D:15)
  9 will-o-the-wisps
  2 cyclopes (D:11)
  An iron dragon skeleton (Vaults:3)
  A rust devil (Depths:2)
  A frost giant skeleton (Vaults:3)
  22 moths of wrath
  6 elephants
  3 molten gargoyles
  4 black mambas (Lair:5)
  11 cane toads
  4 eyes of devastation
  8 vault sentinels
  2 gargoyles (D:12)
  2 orange demons
  8 demonic crawlers
  4 smoke demons
  5 torpor snails
  2 ice statues (IceCv)
  An elf skeleton (Vaults:3)
  2 human zombies (Vaults:2)
  Maggie (Lair:2)
  6 rime drakes
  5 freezing wraiths
  4 kobold demonologists
  A yaktaur (shapeshifter) (Vaults:1)
  A hellion (Depths:2)
  An efreet (D:2)
  5 tengu conjurers
  A yaktaur skeleton (Vaults:3)
  28 yaktaurs
  9 komodo dragons
  A red devil (Depths:2)
  A guardian mummy (Zot:1)
  9 trolls
  4 meliai
  6 tyrant leeches
  5 hornets
  15 blink frogs
  A hellwing (Depths:1)
  29 tarantellas
  38 jumping spiders
  4 dream sheep (Lair:5)
  86 slime creatures
  23 culicivoras
  A shadow (D:8)
  An ettin skeleton (Depths:1)
  A culicivora (shapeshifter) (Elf:1)
  45 yaks
  A jumping spider (shapeshifter) (D:13)
  12 wraiths
  7 wyverns
  2 ynoxinuls
  3 water elementals
  A hog (shapeshifter) (Depths:3)
  7 fire elementals
  5 basilisks
  8 steam dragons
  55 redbacks
  5 golden eyes
  5 swamp worm simulacra (Swamp:4)
  14 vampire mosquitoes
  3 wargs
  3 chaos spawn
  15 swamp worms
  6 hell hounds
  15 water moccasins
  4 acid dragons
  17 hydra simulacra (Swamp:4)
  40 orc warriors
  A glowing shapeshifter skeleton (Depths:2)
  A swamp drake (Swamp:2)
  An ettin simulacrum (Depths:2)
  7 ice beasts
  14 ogres
  15 wolves
  4 boggarts (Vaults:1)
  3 human skeletons (Vaults:3)
  11 centaurs
  2 kobold brigands (Depths:3)
  6 bullfrogs
  A necrophage (D:6)
  A scorpion (D:7)
  A cane toad simulacrum (D:12)
  5 earth elementals
  2 two-headed ogre simulacra (D:12)
  9 wights
  2 lindwurm simulacra (IceCv)
  10 killer bees
  An electric eel (D:15)
  5 howler monkeys
  4 lava snakes (Lair:5)
  6 komodo dragon simulacra (IceCv)
  A hound (D:5)
  A jelly (D:6)
  24 orc priests
  5 iguanas
  21 orc wizards
  4 troll simulacra (D:12)
  Ijyb (D:4)
  3 hell rats (Lair:5)
  A gnoll (Bailey)
  8 acid dragon simulacra (IceCv)
  10 adders
  A naga simulacrum (D:12)
  2 shadow imps
  2 white imps (D:7)
  2 ufetubi
  5 steam dragon simulacra (IceCv)
  3 swamp drake simulacra (Swamp:4)
  2 worms
  A dart slug (D:2)
  63 orcs
  7 bats
  3 endoplasms
  6 giant cockroaches
  14 goblins
  11 hobgoblins
  6 quokkas
  7 ball pythons
  A frilled lizard (D:3)
  20 kobolds
  5 rats
1955 creatures vanquished.

Vanquished Creatures (collateral kills)
  An ancient lich (Depths:2)
  A golden dragon (Zot:5)
  An electric golem (Zot:1)
  A tentacled monstrosity (Zot:5)
  9 Orb Guardians (Zot:5)
  A quicksilver dragon (Zot:5)
  A deep elf blademaster (Elf:3)
  7 acid blobs
  2 sphinxes (Depths:1)
  A storm dragon (Zot:1)
  A draconian scorcher (Zot:2)
  A deep elf sorcerer (Elf:3)
  An iron dragon (Zot:1)
  2 spectral caustic shrikes (Depths:3)
  An emperor scorpion (Spider:4)
  3 quicksilver oozes (Slime:5)
  A draconian annihilator (Zot:5)
  2 stone giants (Depths:1)
  3 ironbound preservers
  A quicksilver ooze (shapeshifter) (Vaults:1)
  2 very ugly things (Depths:3)
  A deep elf demonologist (Elf:3)
  2 green draconians
  4 dire elephants
  A red draconian (Zot:2)
  A white draconian (Zot:5)
  3 fire dragons (Depths:1)
  Josephine (D:11)
  A yaktaur captain (Vaults:1)
  A deep elf death mage (Elf:1)
  2 great orbs of eyes
  A deep elf high priest (Elf:3)
  An ice dragon (Depths:3)
  A vault guard (Vaults:4)
  2 hydras (Lair:5)
  A two-headed ogre (D:11)
  3 death yaks (Lair:5)
  2 ironbound frosthearts
  A deep troll earth mage (Depths:1)
  2 orc high priests (Orc:2)
  A titan skeleton (Depths:2)
  A skeletal warrior (D:14)
  A sun moth (Spider:4)
  A pharaoh ant (Spider:4)
  8 deep trolls
  Lodul (D:14)
  An iron troll (Depths:1)
  6 orb spiders
  2 glowing orange brains
  2 ironbound convokers
  A lindwurm (Vaults:3)
  2 orc knights (Orc:1)
  3 harpies
  An obsidian statue (Zot:5)
  A steelbarb worm (Spider:4)
  A necromancer (Depths:1)
  2 deep elf pyromancers
  3 shining eyes
  A wolf spider (Spider:3)
  10 ugly things
  3 moths of wrath
  3 orc sorcerers
  4 manticores
  An elf zombie (Vaults:2)
  A vault sentinel (Vaults:3)
  4 elephants (Lair:5)
  A black mamba (Lair:5)
  A torpor snail (Spider:2)
  A molten gargoyle (Lair:5)
  2 cane toads (Lair:5)
  A rime drake (Depths:1)
  6 yaktaurs
  4 komodo dragons
  3 polar bears
  A troll (D:11)
  4 tarantellas
  7 jumping spiders
  4 blink frogs
  A culicivora (Spider:4)
  30 slime creatures
  18 yaks
  A wyvern (Depths:1)
  2 golden eyes (Slime:3)
  12 redbacks
  An acid dragon (D:7)
  3 hell hounds
  5 water moccasins
  3 orc warriors
  An ice beast (D:11)
  4 wolves
  An ogre (D:14)
  4 centaurs (D:15)
  A bullfrog (Lair:4)
  3 killer bees
  An electric eel (Lair:3)
  A lava snake (Lair:5)
  A jelly (Lair:5)
  3 orc priests (Orc:2)
  3 hell rats (Lair:5)
  3 orc wizards
  2 human simulacra (D:9)
  17 orcs
  4 endoplasms (Lair:5)
299 creatures vanquished.

Vanquished Creatures (others)
  A draconian scorcher (Zot:2)
  A jelly zombie (Slime:5)
  A Killer Klown zombie (Zot:1)
  A rockslime zombie (Slime:5)
  A vampire knight (Depths:2)
  A deep elf annihilator (Elf:3)
  4 acid blob zombies (Slime:5)
  5 very ugly thing zombies (Depths:3)
  An Orb Guardian zombie (Zot:5)
  3 alligators (Swamp:4)
  An azure jelly zombie (Slime:5)
  An emperor scorpion zombie (Spider:4)
  3 deep elf knights
  2 storm dragon zombies (Zot:3)
  2 golden dragon zombies
  A pharaoh ant (Spider:2)
  A ghost moth zombie (Zot:1)
  A wizard (Depths:2)
  6 ugly thing zombies
  2 draconian zombies
  3 wolf spider zombies
  A fire giant zombie (Depths:1)
  2 wolf spiders (Spider:2)
  A manticore (Gauntlet)
  12 human zombies
  A green draconian zombie (Zot:5)
  A black draconian zombie (Zot:5)
  A yellow draconian zombie (Zot:5)
  A dire elephant zombie (Vaults:3)
  4 death yak zombies (Lair:5)
  A red draconian zombie (Zot:5)
  A tengu conjurer (Depths:2)
  2 orb spider zombies
  A yaktaur (Vaults:2)
  14 redback zombies
  3 harpy zombies (Depths:1)
  A hydra zombie (Depths:1)
  A sun moth zombie (Spider:4)
  A bloated husk (Swamp:1)
  A moth of wrath zombie (Zot:3)
  2 jumping spider zombies
  4 culicivora zombies (Spider:4)
  3 great orb of eyes zombies
  A boulder beetle zombie (D:11)
  2 tarantella zombies (Spider:4)
  An ettin zombie (Orc:1)
  3 fire dragon zombies (Depths:1)
  2 meliai zombies (D:14)
  A wyvern (Depths:1)
  14 elf zombies
  3 humans (D:12)
  9 slime creature zombies
  A chaos spawn (Depths:2)
  A redback (Gauntlet)
  2 tengu zombies (D:13)
  15 deep troll zombies
  2 cane toad zombies
  An elephant zombie (Lair:4)
  4 manticore zombies
  A blink frog zombie (Lair:1)
  A centaur (D:12)
  A rime drake zombie (D:11)
  3 komodo dragon zombies (Lair:5)
  3 wyvern zombies
  4 hell hound zombies (Depths:1)
  14 yaktaur zombies
  2 troll zombies
  12 yak zombies
  9 wolf zombies
  5 centaur zombies (D:15)
  A bullfrog zombie (Lair:4)
  A kobold zombie (D:12)
  5 killer bee zombies
  9 ogre zombies
  A lava snake zombie (Lair:5)
  42 orc zombies
  2 demonic plants (Gauntlet)
  46 foxfires
  60 fungi
  83 plants
468 creatures vanquished.

Grand Total: 2722 creatures vanquished

Notes
Turn   | Place    | Note
-------+----------+-------------------------------------------
     0 | D:1      | Anon1729 the Octopode Monk began the quest for the Orb.
     0 | D:1      | Reached XP level 1. HP: 16/16 MP: 1/1
   185 | D:1      | Reached skill level 3 in Stealth
   205 | D:1      | Reached XP level 2. HP: 19/21 MP: 2/2
   368 | D:1      | Got Sif Muna's Excursus on Ghoulish Silt
   391 | D:1      | Found a faded altar of an unknown god.
   835 | D:2      | Reached XP level 3. HP: 15/26 MP: 3/3
  1170 | D:2      | Reached skill level 4 in Stealth
  1170 | D:2      | Reached XP level 4. HP: 26/31 MP: 4/4
  2133 | D:3      | Reached skill level 1 in Spellcasting
  2267 | D:3      | Reached XP level 5. HP: 32/36 MP: 6/6
  2331 | D:3      | Reached skill level 1 in Earth Magic
  2385 | D:3      | Found a sparkling altar of Nemelex Xobeh.
  2660 | D:4      | Reached XP level 6. HP: 43/43 MP: 7/7
  2715 | D:4      | Found a basalt altar of Yredelemnul.
  2823 | D:4      | Reached skill level 5 in Stealth
  2823 | D:4      | Reached skill level 1 in Hexes
  2959 | D:4      | Noticed Ijyb
  3222 | D:4      | Noticed a steam dragon
  3371 | D:4      | Killed a steam dragon
  3372 | D:4      | Reached skill level 1 in Necromancy
  3519 | D:5      | Entered Level 5 of the Dungeon
  3556 | D:5      | Noticed a water moccasin
  3604 | D:4      | Reached XP level 7. HP: 42/47 MP: 9/9
  4132 | D:5      | Found a staircase to the Ecumenical Temple.
  4142 | Temple   | Entered the Ecumenical Temple
  4154 | Temple   | Became a worshipper of Kikubaaqudgha
  4154 | Temple   | Reached * piety under Kikubaaqudgha
  4154 | Temple   | Received a gift from Kikubaaqudgha
  4154 | Temple   | Reached ** piety under Kikubaaqudgha
  4439 | D:5      | Reached skill level 1 in Throwing
  4587 | D:5      | Reached skill level 6 in Stealth
  4752 | D:4      | Learned a level 1 spell: Necrotise
  4756 | D:4      | Learned a level 3 spell: Vampiric Draining
  4886 | D:5      | Reached skill level 5 in Unarmed Combat
  5131 | D:5      | Reached XP level 8. HP: 52/54 MP: 11/11
  5542 | D:6      | Reached skill level 7 in Stealth
  5923 | D:5      | Reached skill level 5 in Necromancy
  6037 | D:5      | Got Sif Muna's Incunable of Allies and the Iceberg
  6047 | D:5      | Found a burning altar of Makhleb.
  6130 | D:4      | Killed Ijyb
  6350 | D:7      | Found a stormy altar of Qazlal.
  6395 | D:7      | Reached XP level 9. HP: 53/59 MP: 13/13
  6424 | D:7      | You fall into a shaft and drop 1 floor!
  6499 | D:6      | Reached skill level 8 in Stealth
  6687 | D:7      | Found a flagged portal.
  6713 | Bailey   | Entered a bailey
  6729 | Bailey   | Identified the +6 quarterstaff of the Rat {drain, rN+ Int+5
                  | Stlth+}
  6851 | Bailey   | Reached skill level 5 in Fighting
  7098 | Bailey   | Reached skill level 5 in Dodging
  7328 | D:7      | Identified the +4 short sword of the New World {freeze,
                  | Contam rElec rPois Dex+3}
  7372 | D:7      | Found Woskashi's Jewellery Shoppe.
  7848 | D:7      | Reached skill level 9 in Stealth
  7866 | D:7      | Reached *** piety under Kikubaaqudgha
  7866 | D:7      | Received a gift from Kikubaaqudgha
  7872 | D:7      | Reached XP level 10. HP: 52/66 MP: 2/15
  8088 | D:6      | Learned a level 4 spell: Dispel Undead
  8361 | D:8      | Found a hazy altar of Hepliaklqana.
  8809 | D:8      | Reached skill level 10 in Stealth
  8919 | D:8      | Found a bloodstained altar of Trog.
  8940 | D:7      | Learned a level 4 spell: Animate Dead
 10111 | D:10     | Entered Level 10 of the Dungeon
 10362 | D:10     | Reached **** piety under Kikubaaqudgha
 10368 | D:10     | Reached XP level 11. HP: 31/72 MP: 4/17
 10387 | D:10     | Reached skill level 11 in Stealth
 10802 | D:10     | Found Lomeja's Demolitions Depot.
 10941 | D:10     | Found a snail-covered altar of Cheibriados.
 11119 | D:11     | Noticed a cyclops
 11213 | D:11     | Killed a cyclops
 11214 | D:11     | Reached skill level 10 in Necromancy
 11226 | D:11     | Found a gate leading to a gauntlet.
 11234 | Gauntlet | Entered a Gauntlet
 11234 | Gauntlet | Found a transporter.
 11237 | Gauntlet | Found a transporter.
 11238 | Gauntlet | Noticed a thrashing horror
 11240 | Gauntlet | Noticed a thrashing horror
 11254 | Gauntlet | Found a transporter.
 11257 | Gauntlet | Found a transporter.
 11266 | Gauntlet | Noticed a glowing orange brain
 11266 | Gauntlet | Noticed a brown ugly thing
 11267 | Gauntlet | Found a transporter.
 11267 | Gauntlet | Noticed a glowing orange brain
 11268 | Gauntlet | Noticed a cyan ugly thing
 11287 | Gauntlet | Found a transporter.
 11290 | Gauntlet | Found a transporter.
 11292 | Gauntlet | Noticed a green death
 11294 | Gauntlet | Found a transporter.
 11295 | Gauntlet | Noticed an orange crystal statue
 11328 | Gauntlet | Found a transporter.
 11328 | Gauntlet | Found a transporter.
 11328 | Gauntlet | Found a transporter.
 11328 | Gauntlet | Noticed an obsidian statue
 11331 | Gauntlet | Noticed a balrug
 11336 | Gauntlet | Found a transporter.
 11538 | Gauntlet | Gained mutation: You are vulnerable to heat. (rF-) [potion
                  | of mutation]
 11538 | Gauntlet | Gained mutation: Your spells are a little harder to cast,
                  | but a little more powerful. [potion of mutation]
 11539 | Gauntlet | Lost mutation: Your spells are a little harder to cast, but
                  | a little more powerful. [potion of mutation]
 11539 | Gauntlet | Lost mutation: You are vulnerable to heat. (rF-) [potion of
                  | mutation]
 11539 | Gauntlet | Gained mutation: Your body sometimes deteriorates upon
                  | taking damage. [potion of mutation]
 11539 | Gauntlet | Gained mutation: You are agile. (Dex +4, Str/Int -1)
                  | [potion of mutation]
 11539 | Gauntlet | Gained mutation: You are partially covered in iridescent
                  | scales. (AC +2) [potion of mutation]
 11540 | Gauntlet | Lost mutation: You are partially covered in iridescent
                  | scales. (AC +2) [potion of mutation]
 11540 | Gauntlet | Lost mutation: Your body sometimes deteriorates upon taking
                  | damage. [potion of mutation]
 11540 | Gauntlet | Gained mutation: You are somewhat resistant to further
                  | mutation. [potion of mutation]
 11607 | Gauntlet | Identified the ring "Uroirrip" {Ice rElec Will+}
 11626 | Gauntlet | Learned a level 5 spell: Borgnjor's Vile Clutch
 11668 | Gauntlet | Killed an obsidian statue
 11765 | Gauntlet | Noticed a minotaur
 11765 | Gauntlet | Found the -2 hat of the Alchemist {rElec rPois rF+ rC+ rN+
                  | Will+ rMut rCorr}
 11788 | Gauntlet | Killed a minotaur
 12072 | D:11     | Found a staircase to the Lair.
 12259 | D:11     | Noticed Fannar
 12266 | D:11     | Noticed a boulder beetle
 12268 | D:11     | Reached skill level 5 in Throwing
 12293 | D:11     | Killed Fannar
 12294 | D:11     | Reached skill level 5 in Spellcasting
 12300 | D:11     | Killed a boulder beetle
 12301 | D:11     | Reached skill level 12 in Stealth
 12564 | D:11     | Noticed a two-headed ogre
 12576 | D:11     | Killed a two-headed ogre
 12644 | D:11     | Your ally Fannar died
 12651 | D:11     | Reached XP level 12. HP: 80/80 MP: 16/19
 12800 | D:11     | Noticed Josephine
 13334 | D:11     | Killed Josephine
 13398 | D:11     | Found a staircase to the Orcish Mines.
 13443 | D:12     | Noticed a boulder beetle
 13484 | D:12     | Identified the +1 flail "Bucael Lyz" {freeze, rElec Str-4
                  | Int+4 Stlth+}
 13497 | D:12     | Noticed Kirke
 13595 | D:12     | Noticed a boulder beetle
 13602 | D:12     | Reached skill level 5 in Earth Magic
 13625 | D:12     | Killed a boulder beetle
 13626 | D:12     | Reached skill level 13 in Stealth
 13633 | D:12     | Found a frozen archway.
 13708 | IceCv    | Entered an ice cave
 14074 | IceCv    | Reached ***** piety under Kikubaaqudgha
 14129 | IceCv    | Reached skill level 1 in Evocations
 14232 | IceCv    | Noticed an ice dragon
 14232 | IceCv    | Found the necklace of Bloodlust {Fury *Rage Will++ Int-3
                  | Slay+6}
 14256 | IceCv    | Killed an ice dragon
 14719 | D:12     | Noticed Nergalle
 14758 | D:12     | Reached skill level 10 in Unarmed Combat
 15054 | Lair:1   | Entered Level 1 of the Lair of Beasts
 15106 | Lair:1   | Reached XP level 13. HP: 67/86 MP: 14/21
 16056 | Lair:2   | Noticed Maggie
 16064 | Lair:2   | Killed Maggie
 16177 | Lair:2   | Reached skill level 14 in Stealth
 16278 | Lair:2   | Found a staircase to the Swamp.
 16495 | Lair:2   | Found a large runed translucent door.
 16498 | Lair:2   | Found a large runed translucent door.
 16499 | Lair:2   | Noticed caveywoolpert's ghost (journeyman DsEE)
 17047 | Lair:2   | Killed caveywoolpert's ghost
 18017 | Lair:3   | Found a hole to the Spider Nest.
 18691 | Lair:4   | Reached XP level 14. HP: 85/94 MP: 12/23
 18807 | Lair:4   | Reached ****** piety under Kikubaaqudgha
 18815 | Lair:4   | Reached skill level 15 in Stealth
 19545 | Lair:4   | Identified the +7 trident "Juwat" {elec, Int+2}
 19952 | Lair:5   | Entered Level 5 of the Lair of Beasts
 20089 | Lair:5   | Found a staircase to the Slime Pits.
 20522 | Lair:5   | Reached skill level 5 in Evocations
 20968 | Lair:5   | Reached skill level 16 in Stealth
 21339 | Lair:5   | Reached XP level 15. HP: 86/100 MP: 16/26
 21406 | Lair:5   | Found a large runed translucent door.
 21406 | Lair:5   | Found a large runed translucent door.
 22053 | Orc:1    | Entered Level 1 of the Orcish Mines
 22498 | D:12     | Killed Nergalle
 22754 | D:12     | Noticed a sphinx
 22756 | D:12     | Killed Kirke
 23304 | D:13     | Reached skill level 1 in Transmutations
 24037 | D:13     | Identified the +10 dagger of the Ancient Mice {freeze,
                  | MP+9}
 24760 | D:14     | Noticed Lodul
 24930 | D:14     | Killed Lodul
 25056 | D:14     | Reached skill level 17 in Stealth
 25057 | D:14     | Your ally Lodul died
 25535 | D:14     | Learned a level 6 spell: Death Channel
 25601 | D:14     | Found a gate to the Vaults.
 25790 | D:15     | Entered Level 15 of the Dungeon
 25867 | D:15     | Reached skill level 10 in Earth Magic
 26331 | D:15     | Found Zayrchai's Assorted Antiques.
 26339 | D:15     | Bought a scroll labelled MENALU KOHA for 32 gold pieces
 26339 | D:15     | Bought a scroll labelled DODWADWODEN for 32 gold pieces
 26339 | D:15     | Bought a scroll of identify for 64 gold pieces
 26339 | D:15     | Bought 2 scrolls of immolation for 256 gold pieces
 26343 | D:15     | Acquired the ring of Awe {Wiz Will++ Int+2 Dex+3}
 26780 | D:15     | Learned a level 6 spell: Statue Form
 26859 | D:14     | Reached XP level 16. HP: 106/108 MP: 28/28
 27355 | Orc:2    | Entered Level 2 of the Orcish Mines
 27512 | Orc:1    | Found Yvileraev's Overcharged Wands.
 27589 | Orc:1    | Found a transporter.
 27591 | Orc:1    | Found a transporter.
 27820 | Orc:1    | Found the +2 cloak of the Thief {*Fog Slay-2 SInv Stlth+}
 28022 | Orc:2    | Found a staircase to the Elven Halls.
 28069 | Orc:2    | Found an iron altar of Okawaru.
 28636 | Orc:2    | Found Vaibia's General Store.
 28639 | Orc:2    | Found Waget's General Store.
 28915 | Orc:2    | Bought a potion of curing for 42 gold pieces
 28915 | Orc:2    | Bought a potion of might for 56 gold pieces
 28917 | Orc:2    | Bought a scroll of vulnerability for 40 gold pieces
 28917 | Orc:2    | Bought a potion of curing for 30 gold pieces
 28917 | Orc:2    | Bought a wand of roots (6) for 144 gold pieces
 28917 | Orc:2    | Bought an Inescapable Atlas for 320 gold pieces
 28977 | Orc:2    | Reached skill level 15 in Necromancy
 29171 | Orc:2    | Reached skill level 18 in Stealth
 29176 | Orc:2    | Reached skill level 5 in Transmutations
 29194 | Orc:2    | Found Vudinaw's Antique Armour Shop.
 29194 | Orc:2    | Found Atuz's Jewellery Boutique.
 29205 | Orc:2    | Found a one-way gate leading to the halls of Pandemonium.
 29462 | Elf:1    | Entered Level 1 of the Elven Halls
 29472 | Elf:1    | Reached skill level 10 in Fighting
 29783 | Elf:1    | Reached XP level 17. HP: 110/115 MP: 16/29
 29785 | Elf:1    | Reached skill level 10 in Dodging
 29845 | Elf:1    | Noticed an Ice Fiend
 30660 | Elf:2    | Found a portal to a secret trove of treasure.
 30670 | Elf:2    | Found Piodaz's Jewellery Shop.
 30788 | Elf:2    | Reached skill level 19 in Stealth
 30793 | Elf:2    | Found a runed translucent gate.
 30794 | Elf:2    | Found a runed translucent gate.
 30794 | Elf:2    | Found a runed translucent gate.
 31853 | Elf:3    | Entered Level 3 of the Elven Halls
 31853 | Elf:3    | Found Igi Wee's Book Shop.
 31875 | Elf:3    | Found Deumohegy's Jewellery Boutique.
 32065 | Elf:3    | Found Wufoguh's Distillery.
 32076 | Elf:3    | Bought a potion of mutation for 112 gold pieces
 32076 | Elf:3    | Bought a potion of ambrosia for 112 gold pieces
 32076 | Elf:3    | Bought a potion of curing for 42 gold pieces
 32076 | Elf:3    | Bought a potion of magic for 112 gold pieces
 32076 | Elf:3    | Bought a potion of curing for 42 gold pieces
 32076 | Elf:3    | Bought a potion of resistance for 140 gold pieces
 32076 | Elf:3    | Bought a potion of ambrosia for 112 gold pieces
 32076 | Elf:3    | Bought a potion of mutation for 112 gold pieces
 32076 | Elf:3    | Bought a potion of flight for 42 gold pieces
 32131 | Elf:3    | Reached XP level 18. HP: 110/122 MP: 28/31
 32251 | Elf:3    | Found Huzxee's General Store.
 32594 | Elf:3    | Identified the ring of Icijeo {Fly rC+ Int+4 Slay+3}
 32594 | Elf:3    | Noticed a deep elf blademaster
 32598 | Elf:3    | Killed a deep elf blademaster
 32629 | Elf:3    | Received a gift from Kikubaaqudgha
 32852 | Elf:3    | Identified the +7 war axe "Plog" {antimagic, *Corrode Fly
                  | rPois rF+++}
 32884 | Elf:3    | Noticed a deep elf blademaster
 33066 | Elf:3    | Killed a deep elf blademaster
 33123 | Elf:3    | Identified the +0 ring mail of Midsummer {rElec Regen+}
 33123 | Elf:3    | Noticed a deep elf master archer
 33137 | Elf:3    | Killed a deep elf master archer
 33138 | Elf:3    | Reached skill level 20 in Stealth
 33141 | Elf:3    | Got Sif Muna's Quarto of Graupel
 33142 | Elf:3    | Identified the +1 pair of boots of Ysicodd {Str+6 Stlth-}
 33294 | Elf:3    | Got Deelixoucs's Teachings on the Coward
 33301 | Elf:3    | Identified the +0 pair of gloves of the Eight Boll Weevils
                  | {rF+ Str-4 Int+4}
 33413 | Elf:3    | Learned a level 5 spell: Yara's Violent Unravelling
 33692 | D:15     | Found a staircase to the Depths.
 33847 | Spider:1 | Entered Level 1 of the Spider Nest
 34301 | Spider:1 | Noticed Louise
 34318 | Spider:1 | Killed Louise
 34557 | Spider:1 | Noticed Azrael
 34584 | Spider:1 | Killed Azrael
 35239 | Spider:2 | You are sucked into a shaft and drop 1 floor!
 35506 | Spider:3 | Identified the +3 war axe of the Blind Eye {elec, rPois
                  | Str-4 Dex+2}
 35546 | Spider:3 | Reached XP level 19. HP: 98/128 MP: 32/32
 35713 | Spider:3 | Found a runed translucent gate.
 35714 | Spider:3 | Found a runed translucent gate.
 35715 | Spider:3 | Found a runed translucent gate.
 35715 | Spider:3 | Noticed Ofeolo's ghost (adept VSHs)
 37832 | Spider:4 | Entered Level 4 of the Spider Nest
 38152 | Spider:3 | Reached skill level 10 in Spellcasting
 38236 | Spider:3 | Reached skill level 21 in Stealth
 38478 | Spider:4 | Reached XP level 20. HP: 111/135 MP: 34/34
 38925 | Spider:4 | Identified the amulet of Zin's Wrath {Faith rF+ rCorr}
 39266 | Spider:4 | Got a gossamer rune of Zot
 39664 | Swamp:1  | Entered Level 1 of the Swamp
 39869 | Swamp:1  | Reached XP level 21. HP: 141/141 MP: 35/35
 42070 | Swamp:4  | Entered Level 4 of the Swamp
 42169 | Swamp:4  | Noticed Donald
 42178 | Swamp:4  | Killed Donald
 42284 | Swamp:4  | Noticed Nikola
 42296 | Swamp:4  | Killed Nikola
 42463 | Swamp:4  | Reached skill level 22 in Stealth
 42785 | Swamp:4  | Found a runed translucent gate.
 42785 | Swamp:4  | Found a runed translucent gate.
 42785 | Swamp:4  | Found a runed translucent gate.
 42787 | Swamp:4  | Noticed pleonasm's ghost (adept OgBe)
 42997 | Swamp:4  | Killed pleonasm's ghost
 43302 | Swamp:4  | Got a decaying rune of Zot
 43618 | Vaults:1 | Entered Level 1 of the Vaults
 44144 | Vaults:1 | Found a transporter.
 44155 | Vaults:1 | Identified the +8 mace "Bonaket" {venom, rCorr Str+5}
 44157 | Vaults:1 | Found a transporter.
 45628 | Vaults:2 | Found Ihaskar's Assorted Antiques.
 45635 | Vaults:2 | Bought a scroll of blinking for 262 gold pieces
 45645 | Vaults:2 | Reached XP level 22. HP: 149/149 MP: 29/36
 46087 | Vaults:2 | Noticed Zenata
 46105 | Vaults:2 | Killed Zenata
 46657 | Vaults:2 | Reached skill level 15 in Earth Magic
 47611 | Vaults:3 | Reached skill level 23 in Stealth
 48095 | Vaults:3 | Found a staircase to the Crypt.
 49258 | Vaults:4 | Reached XP level 23. HP: 155/155 MP: 37/38
 50955 | Depths:1 | Entered Level 1 of the Depths
 50984 | Depths:1 | Found Lamoin's Distillery.
 50986 | Depths:1 | Found Packe's Book Shop.
 50988 | Depths:1 | Found Osats's General Store.
 51080 | Depths:1 | Bought a potion of mutation for 128 gold pieces
 51080 | Depths:1 | Bought a potion of lignification for 48 gold pieces
 51080 | Depths:1 | Bought a potion of lignification for 48 gold pieces
 51433 | Depths:1 | Reached skill level 24 in Stealth
 51447 | Depths:1 | Identified the +4 falchion of Xemaytog {flame, Str+3}
 51448 | Depths:1 | Identified the +3 pair of boots "Veidwuha" {Harm Rampage
                  | rN+}
 52582 | Depths:1 | Found a gateway to Hell.
 52739 | Depths:1 | Learned a level 8 spell: Necromutation
 52786 | Depths:2 | Found a one-way gate to the infinite horrors of the Abyss.
 53207 | Depths:2 | Reached XP level 24. HP: 97/163 MP: 22/38
 53489 | Depths:2 | Noticed an ancient lich
 53494 | Depths:2 | Killed an ancient lich
 53683 | Depths:2 | Got the Folio of Transmutation and Mud
 53786 | Depths:2 | Found Galuv's Magic Scroll Boutique.
 53794 | Depths:2 | Bought 2 scrolls of acquirement for 2080 gold pieces
 53794 | Depths:2 | Acquired the +2 buckler of Pijoz {Str+6 Dex+3 SInv}
 53795 | Depths:2 | Acquired 1135 gold pieces
 53836 | Depths:2 | Identified the +6 war axe of Yzeonyva {speed, Str-5 Dex+4
                  | SInv}
 54151 | Depths:2 | Reached skill level 1 in Shields
 54429 | Depths:2 | Noticed a caustic shrike
 54494 | Depths:2 | You are sucked into a shaft and drop 1 floor!
 54796 | Depths:3 | Noticed a caustic shrike
 54807 | Depths:3 | Killed a caustic shrike
 54832 | Depths:3 | Reached skill level 15 in Unarmed Combat
 55411 | Depths:3 | Reached skill level 15 in Transmutations
 56867 | Depths:2 | Identified the ring "Uwosmiz" {rPois rF+ AC+4 Str+5 Dex-4}
 57175 | Depths:2 | Killed a caustic shrike
 57635 | Depths:2 | Noticed a caustic shrike
 57647 | Depths:2 | Killed a caustic shrike
 57662 | Depths:2 | Reached skill level 25 in Stealth
 57862 | Depths:2 | Reached XP level 25. HP: 169/171 MP: 29/39
 58021 | Depths:4 | Entered Level 4 of the Depths
 58029 | Depths:4 | Found a white marble altar of Elyvilon.
 58377 | Depths:4 | Found a one-way gateway to a ziggurat.
 58970 | Depths:4 | Found the +8 orange crystal plate armour {Archmagi, Int+3
                  | Clar}
 59556 | Depths:4 | Reached skill level 5 in Shields
 60106 | Depths:4 | Found a gate to the Realm of Zot.
 60117 | Depths:4 | Learned a level 5 spell: Irradiate
 60443 | Slime:1  | Entered Level 1 of the Pits of Slime
 60727 | Slime:2  | Noticed Dissolution
 61102 | Slime:1  | Killed Dissolution
 61531 | Slime:2  | You are sucked into a shaft and drop 1 floor!
 62473 | Slime:5  | Entered Level 5 of the Pits of Slime
 63259 | Slime:5  | Reached skill level 15 in Spellcasting
 63267 | Slime:5  | Noticed the Royal Jelly
 63494 | Slime:5  | Found a viscous altar of Jiyva.
 63910 | Slime:5  | Killed the Royal Jelly
 63922 | Slime:5  | Your ally the Royal Jelly died
 64213 | Slime:5  | Identified the +0 shortbow of Paetargh {heavy, Fly rElec
                  | rCorr}
 64236 | Slime:5  | Got the Spellbook of the Volcano and Feathers
 64306 | Slime:5  | Identified the +8 halberd "Utorao" {speed, rF+}
 64308 | Slime:5  | Got a slimy rune of Zot
 64341 | Slime:5  | Identified the ring "Beqeih" {Fly rElec Str-5 SInv}
 64357 | Slime:5  | Identified the +9 scimitar "Qoopsaistu" {heavy, rElec
                  | Dex+5}
 65256 | Elf:2    | You paid a toll of a +6 demon whip to enter a treasure
                  | trove
 65257 | Trove    | Entered a treasure trove
 66132 | Zot:1    | Entered Level 1 of the Realm of Zot
 66156 | Zot:1    | Noticed a dread lich
 66168 | Zot:1    | Killed a dread lich
 66207 | Zot:1    | Noticed a Killer Klown
 66215 | Zot:1    | Killed a Killer Klown
 66216 | Zot:1    | Reached XP level 26. HP: 163/177 MP: 42/42
 67913 | Zot:2    | Reached skill level 10 in Evocations
 69469 | Zot:3    | Acquired the Vellum of Fetid Transmutation
 69918 | Zot:3    | Found a transporter.
 69953 | Zot:3    | Noticed an orb of fire
 69974 | Zot:3    | Noticed Zuol's ghost (legendary DsDe)
 69976 | Zot:3    | Noticed an orb of fire
 69997 | Zot:3    | Found a transporter.
 70139 | Zot:3    | Noticed an orb of fire
 70172 | Zot:3    | Killed an orb of fire
 70345 | Zot:3    | Identified the +3 dagger "Widowmaker" {drain, rElec rC+}
 70346 | Zot:3    | Got the Elucidation of The Black Sun
 70735 | Zot:4    | Noticed Grunn
 70954 | Zot:4    | Killed Grunn
 71117 | Zot:5    | Entered Level 5 of the Realm of Zot
 71127 | Zot:5    | Reached skill level 15 in Fighting
 71431 | Zot:5    | Noticed a Killer Klown
 71449 | Zot:5    | Killed a Killer Klown
 71880 | Zot:5    | Reached skill level 1 in Conjurations
 72768 | Zot:5    | Reached XP level 27. HP: 187/187 MP: 42/42
 72778 | Zot:5    | Learned a level 9 spell: Death's Door
 72784 | Zot:5    | Reached skill level 5 in Conjurations
 72896 | Zot:5    | Noticed a dread lich
 72903 | Zot:5    | Killed a dread lich
 72999 | Zot:5    | Noticed an orb of fire
 72999 | Zot:5    | Noticed an orb of fire
 73005 | Zot:5    | Noticed an orb of fire
 73015 | Zot:5    | Noticed a dread lich
 73015 | Zot:5    | Killed an orb of fire
 73015 | Zot:5    | Noticed an orb of fire
 73025 | Zot:5    | Killed an orb of fire
 73030 | Zot:5    | Killed an orb of fire
 73037 | Zot:5    | Noticed an ancient lich
 73046 | Zot:5    | Killed an orb of fire
 73049 | Zot:5    | Killed a dread lich
 73050 | Zot:5    | Killed an ancient lich
 73054 | Zot:5    | Noticed an ancient lich
 73065 | Zot:5    | Noticed an orb of fire
 73251 | Zot:5    | Killed an orb of fire
 73273 | Zot:5    | Killed an ancient lich
 73447 | Zot:5    | Reached skill level 10 in Conjurations
 73509 | Zot:5    | Noticed an ancient lich
 73519 | Zot:5    | Killed an ancient lich
 73693 | Zot:5    | Got the Orb of Zot
 74398 | D:$      | Escaped with the Orb!

Illustrated notes

Levels and vault maps discovered:
D:1:      lemuel_arrival_cross, layout_loops_ring,
          ebering_ecumenical_altar_sacrificial
D:2:      layout_rooms, minmay_stone_trees_small, kennysheep_potato
D:3:      layout_basic, nemelex_dance_club_becter, st_stairs_4,
          hangedman_feature_mirror, minmay_misc_feat_pillars,
          chequers_serial_rivers_large_a, kennysheep_small_spiral
D:4:      layout_gridville, yredelemnul_altar_generic, minmay_manual_mail,
          uniq_ijyb
D:5:      nicolae_cairo_tiling_very_big, layout_loops_cross,
          lemuel_coloured_pillars_altar, minmay_temple_entry_fiery,
          st_stairs_11, grunt_ministairs_3
D:6:      layout_gridville
D:7:      layout_basic, general_overflow_altar, enter_bailey_5, serial_shops,
          nicolae_shop_trees
D:8:      layout_cave_pools, nicolae_overflow_hidden_temple
D:9:      layout_basic, bh_circular_ruins
D:10:     layout_basic, cheibriados_altar_1, nicolae_blasting_shop
D:11:     layout_irregular_city, hellmonk_lair_entry_icy,
          gauntlet_entry_generic, uniq_fannar, uniq_josephine
D:12:     layout_roguey, portal_ice_cave_entry_ice_simulacra, uniq_kirke,
          uniq_nergalle
D:13:     layout_basic
D:14:     cheibrodos_quadrivalence, layout_cave_pools, david_vaults_1,
          uniq_lodul
D:15:     hangedman_depths_entry_try_elsewhere_first, layout_irregular_city,
          serial_shops, nicolae_shop_hallway_stairs, serial_bayou_lagoon_a
Temple:   nicolae_temple_no_exploring_needed
Lair:1:   layout_loops_ring
Lair:2:   layout_roguey, skrybe_swamp_entry_bodies, ebering_ghost_disaster_area,
          uniq_maggie
Lair:3:   layout_gridlike, hellmonk_spider_entry_not_the_bees,
          grunt_megastairs_5
Lair:4:   layout_small_grid
Lair:5:   cheibrodos_lair_end_hotspot, layout_cave_shapes,
          nicolae_slime_entry_slimehenge
Swamp:1:  layout_basic_swamp, nicolae_swamp_triple_paths
Swamp:2:  layout_falls_marsh, serial_swamp_ruin, evilmike_swamp_ruin_house_1,
          evilmike_swamp_ruin_house_5, evilmike_swamp_ruin_house_2
Swamp:3:  layout_falls_marsh, evilmike_swamp_ruin_house_4, swamp_pool1,
          nicolae_swamp_wisp_ring_woods
Swamp:4:  swamp_icy, layout_basic_swamp, ebering_ghost_rock_garden, uniq_donald,
          uniq_nikola
Spider:1: layout_cave_pods, nicolae_spider_twisty_arc_passages, uniq_azrael,
          uniq_louise
Spider:2: layout_cave_pods, nicolae_spider_moth_buddies
Spider:3: layout_cave_pods, gammafunk_ghost_tricky_traps,
          nicolae_spider_bug_shape
Spider:4: guppyfry_spider_rune, nicolae_spider_some_kinda_spiderbox
Slime:1:  layout_caves
Slime:2:  layout_caves, uniq_dissolution
Slime:3:  layout_caves
Slime:4:  layout_caves, cheibrodos_slime_lost_civilization_7
Slime:5
Orc:1:    gammafunk_beogh_shrine, layout_diamond_mine,
          nicolae_shop_overcharged_wands
Orc:2:    pf_orc_diabolical, layout_diamond_mine, okawaru_metal_pillars_1_2
Elf:1:    nicolae_elf_arrival_no_cutting_in_line, layout_geoelf_octagon,
          minmay_elf_crystal_heptagon
Elf:2:    nicolae_elf_blades_crystal_corner, layout_geoelf_diagonals,
          enter_trove_2, minmay_shop_enchanted_jewellery, st_stairs_9
Elf:3:    minmay_elf_hall_curves, layout_rooms, serial_shops,
          nicolae_shop_hallway_plus, nicolae_shop_trees, nicolae_shop_stone,
          shop
Vaults:1: v_rooms_1, grunt_vaults_twisty, nicolae_vaults_network_barrier,
          grunt_vaults_funnel, ontoclasm_vaults_eye, v_misc_19,
          vaults_dpeg_hooks, v_alt_pattern_1, nicolae_vaults_ring_of_whatevers,
          v_pattern_5, v_misc_8, gammafunk_sealed_arena, v_misc_19,
          ontoclasm_vaults_decontamination, vaults_room_door_ring,
          layout_vaults_maze_bifur
Vaults:2: vaults_room_pools, v_misc_14, v_misc_13, vaults_dpeg_diagonal,
          hangedman_vaults_hat, v_pattern_2, ontoclasm_vaults_loading_screen,
          vaults_dpeg_encased_lava, dpeg_vaults_monster_box, layout_vaults_ring,
          serial_shops, shop, uniq_zenata
Vaults:3: hangedman_vaults_stagger, grunt_vaults_hallway_long,
          minmay_crypt_entry_skeletal_spiral, vaults_mumra_lcd,
          vaults_dpeg_emergency_exit, nicolae_vaults_angled_halls,
          vaults_mumra_hex, v_misc_5, layout_vaults_big_room
Vaults:4: nicolae_vaults_mini_display_case, nicolae_vaults_little_squares_1,
          hangedman_vaults_slice, v_misc_3, v_misc_24,
          nicolae_vaults_disjoint_gnomons, nicolae_vaults_diagonal_hallway_8,
          v_alt_pattern_6, vaults_standard_mumra_x, layout_vaults_omnigrid
Depths:1: layout_roguey [special_room_mythical_zoo], pf_hell_entry_great_geh,
          minmay_misc_feat_hallway, rand_demon_pan_entry_3, hangedman_aviary,
          grunt_megastairs_4, minmay_shop_star, serial_bayou_shore_b
Depths:2: evilmike_diamond_1, layout_twisted_cross, hellmouth_2, abyss_entry,
          special_room [special_room_magic_class], serial_shops,
          nicolae_shop_competitors_out_of_business, grunt_pan_entry_in_and_out
Depths:3: minmay_octo_star, layout_gridville, hangedman_abyss_or_decor_passed,
          marbit_kobold_abyss_entry, pf_hell_entry_tar_river
Depths:4: evilmike_zot_entry_gauntlet, layout_basic, enter_ziggurat_a,
          elyvilon_altar_5, hell_entry, nicolae_triple_integral
Zot:1:    layout_concentric_octagons, hangedman_player_shredder
Zot:2:    layout_misc_corridors
Zot:3:    dreamdust_black_sun_cult, layout_gridville, nzn_ghost_randoct,
          st_stairs_11, grunt_megastairs_2
Zot:4:    layout_gridville, gammafunk_ghost_cemetery, uniq_parghit, uniq_grunn
Zot:5:    layout_misc_corridors, lemuel_flame_loot_1

Skill      XL: |  1  2  3  4  5  6  7  8  9 10 11 12 13 14 15 16 17 18 19 20 21 22 23 24 25 26 27 |
---------------+----------------------------------------------------------------------------------+-----
Stealth        | 3 4 5 6 7 9 10 12 13 14 16 17 18 19 20 21 22 23 24 25 | 25.1
Spellcasting   | 1 2 3 4 5 6 7 8 9 10 11 12 15 | 15.8
Unarmed Combat | 4 5 7 8 9 10 11 12 13 14 15 | 15.2
Earth Magic    | 1 2 3 5 7 9 10 11 12 13 14 15 16 17 | 17.3
Hexes          | 1 2 |  2.0
Necromancy     | 1 3 5 7 9 11 12 13 14 15 16 17 18 19 20 22 | 22.3
Fighting       | 4 5 6 7 8 9 10 11 12 13 15 | 15.2
Throwing       | 1 2 3 4 5 |  5.0
Dodging        | 4 5 6 7 8 9 10 11 12 13 | 13.7
Evocations     | 1 3 5 6 14 | 14.8
Transmutations | 3 5 7 9 11 12 13 14 15 | 15.5
Shields        | 4 5 8 |  8.6
Conjurations   | 4 11 | 11.2

Action                     |  1- 3 |  4- 6 |  7- 9 | 10-12 | 13-15 | 16-18 | 19-21 | 22-24 | 25-27 || total
---------------------------+-------+-------+-------+-------+-------+-------+-------+-------+-------++-------
  Melee: Unarmed           |    55 |   127 |   132 |    83 |   472 |   681 |   907 |  1195 |  1204 ||  4856
         Constrict         |    15 |    37 |    29 |     2 |    42 |   156 |   143 |   120 |    98 ||   642
         Tentacles         |    12 |    32 |    44 |    23 |   174 |   232 |   317 |   489 |   586 ||  1909
         Punch             |     3 |     2 |    12 |     9 |    59 |    73 |   152 |   209 |   255 ||   774
         Quarterstaff      |       |       |    14 |     7 |     2 |       |       |       |       ||    23
         Dagger            |       |       |       |     3 |    10 |       |       |       |    11 ||    24
  Throw: Stone             |     6 |       |       |       |       |       |       |       |       ||     6
         Dart              |     4 |    11 |    13 |     7 |    22 |     1 |       |       |       ||    58
         Javelin           |       |       |    13 |       |       |       |       |       |       ||    13
         Boomerang         |       |       |     9 |    21 |       |       |       |       |       ||    30
   Cast: Vampiric Draining |       |       |    62 |   116 |   106 |     6 |     5 |     5 |     4 ||   304
         Necrotise         |       |       |    21 |    10 |    15 |    11 |     1 |       |       ||    58
         Dispel Undead     |       |       |       |    32 |    18 |     1 |     7 |    13 |    11 ||    82
         Animate Dead      |       |       |       |    15 |    21 |    13 |     4 |     7 |    15 ||    75
         Borgnjor's Vile C |       |       |       |    69 |   164 |   165 |    38 |    68 |    18 ||   522
         Death Channel     |       |       |       |       |     3 |    10 |     4 |    11 |    20 ||    48
         Statue Form       |       |       |       |       |       |    72 |    96 |    65 |    19 ||   252
         Yara's Violent Un |       |       |       |       |       |       |     9 |    24 |     2 ||    35
         Necromutation     |       |       |       |       |       |       |       |    26 |    94 ||   120
         Irradiate         |       |       |       |       |       |       |       |       |    14 ||    14
 Invoke: Unearth Wretches  |       |       |       |     1 |       |       |       |       |       ||     1
         Receive Forbidden |       |       |       |       |       |     1 |       |       |       ||     1
Ability: End Transformatio |       |       |       |       |       |       |       |     1 |    10 ||    11
  Evoke: Wand              |       |       |       |    19 |     8 |     3 |     1 |       |    11 ||    42
         Phantom mirror    |       |       |       |     1 |       |     1 |       |       |       ||     2
         Condenser vane    |       |       |       |       |       |       |       |     1 |     3 ||     4
         Phial of floods   |       |       |       |       |       |       |       |       |     3 ||     3
    Use: Potion            |       |     5 |       |    18 |     2 |       |     5 |     2 |    24 ||    56
         Scroll            |       |     4 |     1 |     6 |    10 |     2 |     5 |     3 |    26 ||    57
   Stab: Sleeping          |     7 |    10 |    12 |     3 |    24 |     7 |    29 |    15 |    18 ||   125
         Distracted        |     1 |       |     1 |     1 |     6 |     9 |     3 |    26 |    27 ||    74
         Paralysed         |       |       |       |     2 |       |       |       |       |       ||     2
 Armour: Skin              |     2 |    10 |     8 |     7 |     1 |   189 |   410 |   361 |   140 ||  1128
  Dodge: Dodged            |    35 |    65 |   135 |   232 |   733 |  1410 |  2573 |  2529 |  1464 ||  9176
  Block: Buckler           |       |       |       |       |       |       |       |    26 |   421 ||   447

Table legend: (Time is in decaauts)
 A = Elapsed time spent in this place.
 B = Non-inter-level travel time spent in this place.
 C = Inter-level travel time spent in this place.
 D = Time resting spent in this place.
 E = Time spent auto-exploring this place.
 F = Levels seen in this place.
 G = Mean time per level.
                   A        B        C        D        E       F      G
               +--------+--------+--------+--------+--------+-----+--------+
         Total |  79114 |  73078 |   6036 |  11194 |  43105 |  56 | 1412.8 |
       Dungeon |  19313 |  16777 |   2536 |   2573 |   9515 |  15 | 1287.5 |
        Temple |     19 |     12 |      7 |      0 |      0 |   1 |   19.0 |
          Lair |   7350 |   6668 |    682 |    626 |   4646 |   5 | 1470.0 |
         Swamp |   4699 |   4537 |    162 |    564 |   2893 |   4 | 1174.8 |
   Spider Nest |   7149 |   6763 |    386 |   1031 |   3969 |   4 | 1787.2 |
    Slime Pits |   4109 |   3887 |    222 |   1089 |   1840 |   5 |  821.8 |
  Orcish Mines |   2784 |   2588 |    196 |    255 |   1512 |   2 | 1392.0 |
   Elven Halls |   4948 |   4437 |    511 |    602 |   2414 |   3 | 1649.3 |
        Vaults |   8543 |   8123 |    420 |    580 |   5821 |   4 | 2135.8 |
        Depths |  10119 |   9471 |    648 |   1447 |   6204 |   4 | 2529.8 |
           Zot |   7964 |   7702 |    262 |   1998 |   3749 |   5 | 1592.8 |
         Trove |     73 |     73 |      0 |      0 |      0 |   1 |   73.0 |
        Bailey |    552 |    552 |      0 |     42 |    181 |   1 |  552.0 |
      Ice Cave |    766 |    766 |      0 |    146 |    198 |   1 |  766.0 |
      Gauntlet |    720 |    720 |      0 |    237 |    162 |   1 |  720.0 |
               +--------+--------+--------+--------+--------+-----+--------+

Top non-repeatable levels by time:
Depths:1: 2671 daAuts
Depths:3: 2602 daAuts
Depths:2: 2556 daAuts
Vaults:1: 2386 daAuts
Depths:4: 2289 daAuts
   Zot:5: 2234 daAuts
Spider:3: 2156 daAuts
Vaults:3: 2137 daAuts
   Zot:1: 2104 daAuts
    D:11: 2096 daAuts
Vaults:2: 2090 daAuts
  Lair:5: 2007 daAuts
    D:13: 1996 daAuts
Vaults:4: 1930 daAuts
   Elf:3: 1913 daAuts
